 Dungeon Crawl Stone Soup version 0.26-a0-110-g95b6527cb0 (webtiles) character file.

Game seed: 938532773506773438

11 drasked the Skirmisher (level 2, -1/24 HPs)
             Began as a Demonspawn Abyssal Knight on June 23, 2020.
             Was a Follower of Lugonu.
             Slain by a gnoll (8 damage)
             ... on level 1 of the Dungeon.
             The game lasted 00:01:21 (284 turns).

drasked the Skirmisher (Demonspawn Abyssal Knight)   Turns: 284, Time: 00:01:21

Health: -1/24      AC:  3    Str: 12    XL:     2   Next: 13%
Magic:  3/3        EV: 11    Int: 13    God:    Lugonu [*.....]
Gold:   7          SH:  0    Dex: 12    Spells: 1/1 levels left

rFire    . . .     SeeInvis .   a - +1 hand axe
rCold    . . .     Faith    .   (no shield)
rNeg     . . .     Spirit   .   b - +0 leather armour
rPois    .         Reflect  .   (no helmet)
rElec    .         Harm     .   (no cloak)
rCorr    .                      (no gloves)
MR       .....                  (no boots)
Stlth    +.........             (no amulet)
HPRegen  0.08/turn              (no ring)
MPRegen  0.08/turn              (no ring)

@: no status effects
A: spiny 1
a: Depart the Abyss, Renounce Religion


You were on level 1 of the Dungeon.
You worshipped Lugonu.
Lugonu was aware of your devotion.
You were not hungry.

You visited 1 branch of the dungeon, and saw 1 of its levels.
You visited the Abyss 1 time.

You collected 7 gold pieces.

Inventory:

Hand Weapons
 a - a +1 hand axe (weapon)
Missiles
 Q - 5 stones (quivered)
Armour
 b - a +0 leather armour (worn)
Potions
 d - a potion of haste {unknown}
 f - a potion of heal wounds {unknown}
Comestibles
 c - 2 chunks of flesh {@w0}
 e - a ration


   Skills:
 + Level 3.1 Fighting
 * Level 2.2 Axes
 + Level 2.0 Armour
 - Level 0.8 Dodging
 - Level 2.4 Invocations


You had one spell level left.
You didn't know any spells.
Your spell library was empty.

Dungeon Overview and Level Annotations

Branches:
Dungeon (1/15)

Altars:


Innate Abilities, Weirdness & Mutations

You are partially covered in sharp spines.


Message History

Your demonic ancestry asserts itself...
Sharp spines emerge from parts of your body.
You see here a bat corpse.
You butcher the bat corpse.
c - 10 chunks of flesh {@w0} (gained 1)
You see here a bat skeleton.
Found a stone staircase leading down.
Q - 12 stones (gained 2)
Q - 13 stones (gained 1)
Q - 14 stones (gained 1)
There is a stone staircase leading down here.
You now have 7 gold pieces.
Some of the chunks of flesh in your inventory have rotted away.
A giant cockroach comes into view.
The giant cockroach moves out of view.
The giant cockroach is too close now for your liking.
A giant cockroach is nearby!
Throwing (i - inventory)
Q - 14 stones (quivered)
Aim: a giant cockroach You throw a stone.
The stone barely misses the giant cockroach.
Throwing (i - inventory)
Q - 13 stones (quivered)
Aim: a giant cockroach You throw a stone.
The stone hits the giant cockroach but does no damage.
Throwing (i - inventory)
Q - 12 stones (quivered)
Aim: a giant cockroach You throw a stone.
The stone closely misses the giant cockroach.
Throwing (i - inventory)
Q - 11 stones (quivered)
Aim: a giant cockroach You throw a stone.
The stone barely misses the giant cockroach.
The giant cockroach bites you but does no damage.
You closely miss the giant cockroach. The giant cockroach closely misses you.
You hit the giant cockroach.
The giant cockroach is struck by your spines.
The giant cockroach bites you. The giant cockroach closely misses you.
You closely miss the giant cockroach. The giant cockroach barely misses you.
You hit the giant cockroach.
You kill the giant cockroach!
You start resting.
Some of the chunks of flesh in your inventory have rotted away.
You butcher the giant cockroach corpse.
c - 5 chunks of flesh {@w0} (gained 1)
A hobgoblin comes into view. It is wielding a +0 club.
The hobgoblin shouts!
A gnoll comes into view.
You see here a stone.
There are monsters nearby!
There are monsters nearby!
Throwing (i - inventory)
Q - 10 stones (quivered)
Aim: a hobgoblin, wielding a +0 club You throw a stone.
The stone closely misses the hobgoblin.
The gnoll shouts!
Throwing (i - inventory)
Q - 9 stones (quivered)
Aim: a hobgoblin, wielding a +0 club You throw a stone.
The stone hits the hobgoblin but does no damage.
Throwing (i - inventory)
Q - 8 stones (quivered)
Aim: a hobgoblin, wielding a +0 club You throw a stone.
The stone hits the hobgoblin but does no damage.
Throwing (i - inventory)
Q - 7 stones (quivered)
Aim: a hobgoblin, wielding a +0 club You throw a stone.
The stone barely misses the hobgoblin.
Some of the chunks of flesh in your inventory have rotted away.
Throwing (i - inventory)
Q - 6 stones (quivered)
Aim: a hobgoblin, wielding a +0 club You throw a stone.
The stone hits the hobgoblin but does no damage.
You hit the hobgoblin.
The hobgoblin hits you but does no damage.
You hit the hobgoblin but do no damage. The hobgoblin closely misses you.
You closely miss the hobgoblin. You completely miss the gnoll.
The hobgoblin is struck by your spines.
You kill the hobgoblin!
The gnoll hits you.
You closely miss the gnoll. The gnoll is struck by your spines.
The gnoll barely misses you.
You hit the gnoll. The gnoll completely misses you.
The gnoll closely misses you.
You hit the gnoll. The gnoll is struck by your spines. The gnoll hits you!
* * * LOW HITPOINT WARNING * * *
You are too injured to fight recklessly!
You are too injured to fight recklessly!
You are too injured to fight recklessly!
You are too injured to fight recklessly!
You closely miss the gnoll. The gnoll is struck by your spines.
The gnoll misses you.
You hit the gnoll. The gnoll is struck by your spines.
The gnoll hits you but does no damage.
You barely miss the gnoll. The gnoll barely misses you.
You closely miss the gnoll. The gnoll hits you.
* * * LOW HITPOINT WARNING * * *
The gnoll barely misses you.
You hit the gnoll but do no damage. The gnoll hits you.
* * * LOW HITPOINT WARNING * * *
You hit the gnoll. The gnoll hits you!
You die...

#...###.### ##...#####...
#...#...### ####....## ##..
#...#..... .##......#####..
####......####.#.....<.....+
#........##....##......#####
#.##.....##....###....##
#.##.....##....# ##...#
#..............# ##..#
####.........@.# ##.#
#.........g)# #+#
#...........(..
#######....#((.#
......#..(.. ......##...(..
.......# ...(. ....... .....


You could see a gnoll.

Levels and vault maps discovered:
D:1:      mrwooster_arrival_arrow, layout_basic

Notes
Turn   | Place    | Note
-------+----------+-------------------------------------------
     0 | Abyss:1  | drasked the Demonspawn Abyssal Knight began the quest for
                  | the Orb.
     0 | Abyss:1  | Reached XP level 1. HP: 18/18 MP: 2/2
    11 | D:1      | Escaped the Abyss
    37 | D:1      | Reached skill level 2 in Axes
    46 | D:1      | Reached skill level 2 in Armour
   181 | D:1      | Gained mutation: You are partially covered in sharp spines.
                  | [demonic ancestry]
   181 | D:1      | Reached XP level 2. HP: 24/24 MP: 3/3
   267 | D:1      | Identified a +0 club
   284 | D:1      | Slain by a gnoll

Table legend:
 A = Turns spent in this place as a percentage of turns spent in the entire game.
 B = Non-inter-level travel turns spent in this place as a percentage of non-inter-level travel turns spent in the entire game.
 C = Inter-level travel turns spent in this place as a percentage of turns spent in this place.
 D = Turns resting spent in this place as a percentage of non-inter-level travel turns spent in this place.
 E = Turns spent auto-exploring this place as a percentage of non-inter-level travel turns spent in this place.
 F = Non-inter-level travel turns spent in this place divided by the number of levels of this place that you've seen.
                   A       B       C       D       E      F
               +-------+-------+-------+-------+-------+----------------------
         Total | 100.0 | 100.0 |   0.0 |  38.0 |  34.9 | 142.0
       Dungeon |  96.1 |  96.1 |   0.0 |  39.6 |  36.3 | 273.0
         Abyss |   3.9 |   3.9 |   0.0 |   0.0 |   0.0 |  11.0
               +-------+-------+-------+-------+-------+----------------------

Table legend:
 A = Kills in this place as a percentage of kills in entire the game.
 B = Kills by you in this place as a percentage of kills by you in the entire game.
 C = Kills by friends in this place as a percentage of kills by friends in the entire game.
 D = Other kills in this place as a percentage of other kills in the entire game.
 E = Experience gained in this place as a percentage of experience gained in the entire game.
 F = Experience gained in this place divided by the number of levels of this place that you have seen.
                   A       B       C       D       E      F
               +-------+-------+-------+-------+-------+----------------------
         Total | 100.0 | 100.0 |   N/A |   N/A | 100.0 |   8.0
       Dungeon | 100.0 | 100.0 |   N/A |   N/A | 100.0 |  16.0
               +-------+-------+-------+-------+-------+----------------------

Skill      XL: |  1 |
---------------+----+-----
Axes           | 2 |  2.2
Armour         | 2 |  2.0
Fighting       | |  3.1
Dodging        | |  0.8
Invocations    | |  2.4

Action                   || total
-------------------------++-------
Melee: Hand axe          ||    34
Throw: Stone             ||    19
Armor: Leather armour    ||     8
Dodge: Dodged            ||    28

Vanquished Creatures
  A dart slug (D:1)
  2 giant cockroaches (D:1)
  A goblin (D:1)
  2 hobgoblins (D:1)
  2 bats (D:1)
8 creatures vanquished.
